[Event "Titled Tuesday Blitz March 08 Late 2022"]
[White "Sliwicki, Damian"]
[Black "Vifleemskaia, Svetlana"]
[WhiteFideId "1127128"]
[BlackFideId "4129490"]
[WhiteElo "2067"]
[BlackElo "1901"]
[Result "1/2-1/2"]
[Round "11"]
[TimeControl "180+1"]
[Date "2022.03.09"]
[WhiteClock "0:00:58"]
[BlackClock "0:00:03"]

1. e4 e5 2. Nf3 Nc6 3. d4 exd4 4. Bc4 Nf6 5. O-O Nxe4 6. Re1 d5 7. Bxd5 Qxd5 8. Nc3 Qa5 9. Nxe4 Be6 10. Bd2 Qd5 11. Bg5 h6 12. Bf6 Be7 13. Bxe7 Kxe7 14. Ng3 Rhd8 15. Qd3 g6 16. Rad1 Kf6 17. Nd2 Kg7 18. Nge4 Nb4 19. Qf3 Qf5 20. Qg3 Nxc2 21. Rf1 Rac8 22. h3 d3 23. Nc3 Rd4 24. Kh2 Qf4 25. Qxf4 Rxf4 26. f3 Rd4 27. Kg3 Ne3 28. Kf2 Nxd1+ 29. Rxd1 c5 30. Ke3 Rcd8 31. Nde4 b6 32. a3 c4 33. Nb5 R4d7 34. Nbc3 f5 35. Nd2 Kf6 36. g4 g5 37. f4 gxf4+ 38. Kxf4 Rd4+ 39. Ke3 fxg4 40. Nde4+ Ke5 41. hxg4 Bxg4 42. Rf1 d2 43. Rf7 d1=Q 44. Nxd1 Rxe4+ 45. Kf2 Bxd1 46. Re7+ Kd4 47. Rf7 Re2+ 48. Kg3 Rxb2 49. Rf4+ Kc3 50. Rf1 Rd3+ 51. Kh4 Be2 52. Rf2 Kb3 53. a4 Kxa4 54. Rf5 Kb4 55. Rb5+ Kc3 56. Rb3+ Kd4 57. Rxb2 Ke3 58. Rb5 c3 59. Re5+ Kd4 60. Re4+ Kxe4 1/2-1/2


[Site "https://www.chess.com"]

[Event "Titled Tuesday Blitz March 08 Late 2022"]
[White "Supatashvili, Khvicha"]
[Black "Khabinets, Ivan"]
[WhiteFideId "13600664"]
[BlackFideId "14115980"]
[WhiteElo "2686"]
[BlackElo "2114"]
[Result "1-0"]
[Round "11"]
[TimeControl "180+1"]
[Date "2022.03.08"]
[WhiteClock "0:00:50"]
[BlackClock "0:00:10"]

1. e4 c5 2. Nf3 d6 3. Bb5+ Nd7 4. c3 Nf6 5. Bd3 b6 6. O-O Bb7 7. Qe2 e6 8. Bc2 Rc8 9. d4 Be7 10. Re1 O-O 11. Bf4 Qc7 12. e5 Nd5 13. Bg5 dxe5 14. dxe5 Nxe5 15. Qxe5 Qxe5 16. Rxe5 f6 17. Rxd5 exd5 18. Bf4 g5 19. Be3 h6 20. Bf5 Rcd8 21. Nbd2 Kg7 22. Nf1 Bd6 23. Ng3 Bxg3 24. hxg3 Bc8 25. Bc2 Rfe8 26. b4 g4 27. Nd2 d4 28. cxd4 cxd4 29. Bf4 d3 30. Bb3 Be6 31. Ba4 Bd7 32. Bxd7 Rxd7 33. Rc1 Rde7 34. Kf1 Kg6 35. a3 h5 36. Be3 Rd7 37. Rc6 Re5 38. Ke1 Rb5 39. Nc4 Rbd5 40. Kd2 Rf5 41. Bf4 Rfd5 42. Ne5+ Rxe5 43. Bxe5 Re7 44. Bxf6 Re2+ 45. Kxd3 Ra2 46. Bb2+ Kf5 47. Kc2 1-0


[Site "https://www.chess.com"]

[Event "Titled Tuesday Blitz March 08 Late 2022"]
[White "Tanenbaum, Zachary"]
[Black "Bellahcene, Bilel"]
[WhiteFideId "2060850"]
[BlackFideId "696358"]
[WhiteElo "2168"]
[BlackElo "2562"]
[Result "0-1"]
[Round "11"]
[TimeControl "180+1"]
[Date "2022.03.08"]
[WhiteClock "0:00:01"]
[BlackClock "0:00:05"]

1. e4 Nf6 2. e5 Nd5 3. d4 d6 4. Nf3 dxe5 5. Nxe5 c6 6. Bc4 Bf5 7. O-O e6 8. Re1 Be7 9. c3 O-O 10. Nd2 Nd7 11. Ndf3 h6 12. h3 Bf6 13. Bd2 a5 14. a4 Rb8 15. Qb3 Qc7 16. Re2 b5 17. axb5 cxb5 18. Bxd5 exd5 19. Qxd5 Nxe5 20. Nxe5 Be6 21. Qf3 b4 22. Bf4 bxc3 23. Ng4 Bxg4 24. hxg4 cxb2 25. Rb1 Qc4 26. Bxb8 Rxb8 27. Qf4 Qxe2 28. Qxb8+ Kh7 29. Qxb2 Qxg4 30. Qc2+ g6 31. d5 Be5 32. Rd1 Bd6 33. g3 a4 34. Kg2 a3 35. Rd3 Qe4+ 36. Kg1 a2 37. Qxa2 Qxd3 38. Qa8 Qf5 39. Qc6 Qf6 40. Kg2 h5 41. Qd7 Kg7 42. Qc8 Qe5 43. Qc6 h4 44. gxh4 Qh2+ 45. Kf1 Qh1+ 46. Ke2 Qe4+ 47. Kf1 Be5 48. Qd7 Bd4 49. Qh3 Qxd5 50. Qd3 Qe5 51. Kg2 Qf6 52. f3 Be5 53. Qe4 Qf4 0-1


[Site "https://www.chess.com"]

[Event "Titled Tuesday Blitz March 08 Late 2022"]
[White "Thavandiran, Shiyam"]
[Black "Koellner, Ruben Gideon"]
[WhiteFideId "2605058"]
[BlackFideId "12993093"]
[WhiteElo "2357"]
[BlackElo "2474"]
[Result "0-1"]
[Round "11"]
[TimeControl "180+1"]
[Date "2022.03.08"]
[WhiteClock "0:00:01"]
[BlackClock "0:00:23"]

1. e4 d6 2. d4 Nf6 3. Nc3 e5 4. Nf3 Nbd7 5. Bc4 Be7 6. O-O c6 7. a4 h6 8. Re1 Qc7 9. b3 Nf8 10. Bb2 Ng6 11. h3 O-O 12. Bf1 b6 13. d5 cxd5 14. Nxd5 Nxd5 15. Qxd5 Be6 16. Qd2 Rac8 17. c4 a6 18. g3 Rb8 19. h4 Rfc8 20. Qe3 Nf8 21. Nd2 Nd7 22. Nb1 Nc5 23. b4 Nd7 24. Rc1 a5 25. b5 Nc5 26. Nd2 Qd7 27. Bg2 Rf8 28. Re1 Rbc8 29. h5 Bg4 30. Bf3 Bg5 31. Qe2 Be6 32. Ra3 Bxd2 33. Qxd2 Bxc4 34. Bg2 Be6 35. f4 f6 36. Bf3 Rfd8 37. Rd1 Bg4 38. Qe2 Bxf3 39. Qxf3 Qb7 40. Re1 Re8 41. fxe5 dxe5 42. Bc1 Rcd8 43. Qg4 Qd7 44. Qe2 Qd4+ 45. Kh2 Re7 46. Be3 Qxe4 47. Qa2+ Qd5 48. Rd1 Qxa2+ 49. Rxa2 Rxd1 0-1


[Site "https://www.chess.com"]

[Event "Titled Tuesday Blitz March 08 Late 2022"]
[White "Vakhlamov, Igor L."]
[Black "Salimova, Nurgyul"]
[WhiteFideId "24126748"]
[BlackFideId "2915138"]
[WhiteElo "2401"]
[BlackElo "2185"]
[Result "1-0"]
[Round "11"]
[TimeControl "180+1"]
[Date "2022.03.08"]
[WhiteClock "0:00:33"]
[BlackClock "0:00:05"]

1. e4 c5 2. Nf3 d6 3. Nc3 Nf6 4. d4 cxd4 5. Qxd4 Nc6 6. Bb5 Bd7 7. Bxc6 Bxc6 8. Bg5 e6 9. O-O-O Be7 10. Rhe1 O-O 11. e5 dxe5 12. Nxe5 Qc7 13. Qc4 Rac8 14. Nxc6 Qxc6 15. Qxc6 Rxc6 16. Ne4 Rfc8 17. Re2 R6c7 18. Nxf6+ gxf6 19. Bf4 e5 20. Be3 Bc5 21. Bh6 Bf8 22. Be3 a6 23. Red2 f5 24. g3 f6 25. c3 Kf7 26. Bb6 Re7 27. Bd8 Re8 28. Rd7+ Ke6 29. Bb6 Re7 30. R7d6+ Kf7 31. Bd8 Re8 32. Rxf6+ Kg8 33. Bb6 Rc6 34. Rxc6 bxc6 35. Rd7 Rb8 36. Ba7 Rb5 37. b4 e4 38. a4 Re5 39. Bd4 Re6 40. Kc2 f4 41. gxf4 Rh6 42. f5 Rxh2 43. f6 h5 44. f7+ Kh7 45. Rd8 1-0


[Site "https://www.chess.com"]

[Event "Titled Tuesday Blitz March 08 Late 2022"]
[White "Vine, Elzbieta"]
[Black "Winkels, Marcel"]
[WhiteFideId "1119320"]
[BlackFideId "1003887"]
[WhiteElo "1827"]
[BlackElo "1900"]
[Result "0-1"]
[Round "11"]
[TimeControl "180+1"]
[Date "2022.03.09"]
[WhiteClock "0:00:21"]
[BlackClock "0:00:46"]

1. e4 g6 2. d4 Bg7 3. Nc3 d5 4. Nf3 dxe4 5. Nxe4 Nd7 6. Be3 Ngf6 7. Neg5 O-O 8. Bd3 Nb6 9. Qd2 Re8 10. O-O-O c6 11. h4 h5 12. Nxf7 Kxf7 13. Ne5+ Kg8 14. Bxg6 Rf8 15. Bh6 Nbd7 16. Bxg7 Kxg7 17. Qg5 Nh7 18. Bxh7+ Kxh7 19. Qg6+ Kh8 20. Qxh5+ Kg7 21. Qg6+ Kh8 22. Nf7+ Rxf7 23. Qxf7 Nf6 24. d5 cxd5 25. f3 Bf5 26. g4 Bh7 27. g5 Qc8 28. g6 Bg8 29. g7+ Kh7 30. Rxd5 Bxf7 0-1


[Site "https://www.chess.com"]

[Event "Titled Tuesday Blitz March 08 Late 2022"]
[White "Vusatiuk, Vladimir"]
[Black "Moral Garcia, Serafin"]
[WhiteFideId "14118610"]
[BlackFideId "2201925"]
[WhiteElo "2549"]
[BlackElo "2430"]
[Result "0-1"]
[Round "11"]
[TimeControl "180+1"]
[Date "2022.03.09"]
[WhiteClock "0:00:11"]
[BlackClock "0:00:36"]

1. Nc3 e5 2. a4 d5 3. d4 e4 4. Bf4 c6 5. e3 Nf6 6. h3 Bd6 7. Bxd6 Qxd6 8. a5 Nbd7 9. Nge2 Nf8 10. Nf4 Ne6 11. Nxe6 Bxe6 12. Na4 Nd7 13. c3 O-O 14. b4 b6 15. Be2 bxa5 16. bxa5 Rab8 17. O-O f5 18. c4 f4 19. cxd5 cxd5 20. Bg4 f3 21. gxf3 exf3 22. Bxf3 Bxh3 23. Nc3 Nf6 24. Re1 Ne4 25. Nxe4 dxe4 26. Bxe4 Rb2 27. Qh5 Qh6 28. Qxh6 gxh6 29. Ra2 Rfxf2 30. Rxb2 Rxb2 31. d5 Kf8 32. Rc1 Ke7 33. Rc7+ Kd6 34. Rxh7 Bd7 35. Rxh6+ Ke5 36. Bf3 Bb5 37. Re6+ Kf5 38. Re7 Rd2 39. Rxa7 Ke5 40. Rb7 Ba6 41. Rb6 Bc4 42. Re6+ Kf5 43. Re7 Kf6 44. Rd7 Ra2 45. Rd6+ Ke5 46. Rc6 Kf5 47. Rc5 Bb3 48. Bg2 Kg4 49. Rb5 Bc4 50. Rb4 Kg3 51. Rxc4 Rxg2+ 52. Kf1 Ra2 53. e4 Kf4 54. Ke1 Rxa5 55. Kd2 Ra3 56. Rc3 Ra4 57. d6 Ra8 58. Kd3 Ke5 59. Rc6 Rd8 60. Ke3 Rxd6 61. Rc5+ Ke6 62. Kf4 Rd4 63. Re5+ Kf6 64. Rf5+ Ke6 65. Rh5 Ra4 66. Rh6+ Ke7 67. Rh7+ Ke6 68. Rh6+ Ke7 69. Kf5 Ra5+ 70. Kg4 Rb5 71. Rh2 Ra5 72. Rc2 Rb5 73. Kf4 Ra5 74. Ra2 Rxa2 75. Ke5 Ra5+ 76. Kf4 Ke6 77. Ke3 Ke5 0-1


[Site "https://www.chess.com"]

[Event "Titled Tuesday Blitz March 08 Late 2022"]
[White "Xu, Yi"]
[Black "Svane, Rasmus"]
[WhiteFideId "8605564"]
[BlackFideId "4657101"]
[WhiteElo "2471"]
[BlackElo "2645"]
[Result "1-0"]
[Round "11"]
[TimeControl "180+1"]
[Date "2022.03.08"]
[WhiteClock "0:00:31"]
[BlackClock "0:00:02"]

1. e4 c6 2. d4 d5 3. e5 Bf5 4. h4 h5 5. Bd3 Bxd3 6. Qxd3 Qa5+ 7. Nd2 e6 8. Nf3 Nh6 9. c4 Nf5 10. b3 Be7 11. a4 O-O 12. Ba3 Bxa3 13. Rxa3 Rd8 14. c5 b6 15. cxb6 axb6 16. O-O c5 17. dxc5 bxc5 18. Rc1 Nc6 19. Raa1 Rdc8 20. g3 Rab8 21. Kg2 Ncd4 22. Nxd4 Nxd4 23. Rc3 Nc6 24. Nf3 Nb4 25. Qd2 d4 26. Rc4 Qa8 27. Rac1 Qd5 28. Qe2 d3 29. Qe4 Nc2 30. Nd2 Rb4 31. Qxd5 exd5 32. Rc3 c4 33. a5 Nd4 34. Rxd3 Ne2 35. Rc2 cxd3 36. Rxc8+ Kh7 37. a6 Rb8 38. Rxb8 1-0


[Site "https://www.chess.com"]

[Event "Titled Tuesday Blitz March 08 Late 2022"]
[White "Zhurbinsky, David"]
[Black "Mickiewicz, Piotr"]
[WhiteFideId "2072904"]
[BlackFideId "1114891"]
[WhiteElo "2533"]
[BlackElo "2266"]
[Result "1-0"]
[Round "11"]
[TimeControl "180+1"]
[Date "2022.03.08"]
[WhiteClock "0:00:13"]
[BlackClock "0:00:02"]

1. e4 c6 2. d4 d5 3. Nc3 dxe4 4. Nxe4 Bf5 5. Nc5 Nd7 6. Nxb7 Qb6 7. Nc5 Nxc5 8. dxc5 Qxc5 9. Bd3 Rd8 10. Be3 Qb4+ 11. Bd2 Qxb2 12. Bxf5 Qe5+ 13. Ne2 Qxf5 14. O-O e6 15. Ng3 Qg6 16. Rb1 Bd6 17. Rb7 Ne7 18. Rxa7 O-O 19. Qc1 Nd5 20. c4 Nb4 21. Bc3 Nd3 22. Qc2 Bc5 23. Rc7 Nxf2 24. Qxg6 Ne4+ 25. Kh1 hxg6 26. Nxe4 Bd4 27. a4 f5 28. Bxd4 Rxd4 29. Ng5 Rxc4 30. Nxe6 Re8 31. Rxg7+ Kh8 32. Rxg6 Rxa4 33. h3 Kh7 34. Rf6 f4 35. Nxf4 Kg7 36. Nh5+ Kg8 37. Rg6+ Kh8 38. Rf7 Re1+ 39. Kh2 Re8 40. Rh6+ Kg8 41. Rg7+ Kf8 42. Rh8# 1-0